 Dungeon Crawl Stone Soup version 0.27.1-4-g1640c2035a (webtiles) character file.

Game seed: 9697897931719366584

259 zeram the Covert (level 6, 0/39 HPs)
             Began as an Octopode Brigand on Nov 17, 2021.
             Slain by a phantom (3 damage)
             ... on level 3 of the Dungeon.
             The game lasted 00:05:00 (3520 turns).

zeram the Covert (Octopode Brigand)                 Turns: 3520, Time: 00:05:00

Health: 0/39       AC:  1    Str: 10    XL:     6   Next: 17%
Magic:  6/6        EV: 13    Int: 16    God:
Gold:   159        SH:  0    Dex: 13    Spells: 5/5 levels left

rFire    . . .     SeeInvis .   e - +0 dagger (vamp)
rCold    . . .     Faith    .   (no shield)
rNeg     . . .     Spirit   .   (helmet restricted)
rPois    .         Reflect  .   (no amulet)
rElec    .         Harm     .   g - ring of flight
rCorr    .         Rampage  .   (no ring)
Will     .....                  (no ring)
Stlth    +++++.....             (no ring)
HPRegen  0.13/turn              (no ring)
MPRegen  0.10/turn              (no ring)
                                (no ring)
                                (no ring)

@: brilliant, flying, studying Stealth
A: almost no armour, amphibious, 8 rings, camouflage 1, gelatinous body 1,
(nimble swimmer 1), tentacles
a: no special abilities


You were on level 3 of the Dungeon.
You visited 1 branch of the dungeon, and saw 4 of its levels.

You collected 159 gold pieces.

Inventory:

Hand Weapons
 a - a +2 dagger
 e - a +0 vampiric dagger (weapon)
Missiles
 b - 8 poisoned darts (quivered)
 c - 2 curare-tipped darts
 f - a throwing net
Jewellery
 g - a ring of flight (left tentacle)
Scrolls
 h - 2 scrolls of amnesia
Potions
 d - a potion of brilliance
 i - a potion of cancellation


   Skills:
 - Level 2.0 Fighting
 + Level 3.6 Short Blades
 - Level 2.0 Throwing
 + Level 1.9 Dodging
 + Level 10.3 Stealth


You had 5 spell levels left.
You didn't know any spells.
Your spell library contained the following spells:

 Spells                   Type           Power      Damage    Failure   Level
 Beastly Appendage        Tmut           0%         N/A       26%         1
 Wereblood                Tmut           0%         N/A       36%         2
 Spider Form              Tmut/Pois      0%         N/A       58%         3
 Freezing Cloud           Conj/Ice/Air   0%         6-21      100%        5
 Simulacrum               Ice/Necr       0%         N/A       100%        6
 Polar Vortex             Ice            0%         N/A       100%        9


Dungeon Overview and Level Annotations

Branches:
Dungeon (4/15)
 Temple: D:4-7

Altars:


Innate Abilities, Weirdness & Mutations

You cannot wear most types of armour.
You are amphibious.
You can wear up to eight rings at the same time.
Your skin changes colour to match your surroundings (Stealth+).
Your rubbery body absorbs attacks. (AC +1, EV +1)
((You are camouflaged near water. (Stealth+)))
You have tentacles for arms and can constrict up to eight enemies at once.


Message History

You closely miss the phantom. You closely miss the phantom.
The phantom misses you.
You hit the phantom but do no damage. The phantom hits you!
The phantom blinks!
You blink.
It was a potion of brilliance.
You feel clever all of a sudden. The phantom hits you.
You hit the phantom but do no damage. You squeeze the phantom.
The phantom is lightly damaged.
The phantom hits you but does no damage.
You hit the phantom but do no damage. You squeeze the phantom!
The phantom is moderately damaged.
The phantom hits you!
You miss the phantom.
The phantom is moderately damaged.
The phantom closely misses you. The phantom hits you. The phantom misses you.
The phantom hits you!
There is a stone staircase leading up here.
You hit the phantom.
The phantom is heavily damaged.
The phantom barely misses you.
Okay, then.
You aren't carrying any items that you can evoke.
Okay, then.
The phantom hits you!
* * * LOW HITPOINT WARNING * * *
You fly upwards.
There is a stone staircase leading down here.
You hit the phantom. You squeeze the phantom.
The phantom is severely damaged.
The phantom hits you.
* * * LOW HITPOINT WARNING * * *
You barely miss the phantom.
The phantom is severely damaged.
You barely miss the phantom.
The phantom is severely damaged.
The phantom hits you.
You die...

.# #.##.# #..# ####...#.. .#
##.##.# #..# ###.... .# ###..#..#
#..# #####..
.######......######.#### #......
.............# #.......# #......
.#####.......###>......####†.....
....##...........................
....############.......####.....#
(...# #@W.....# #.....# #####
######### #######


You could see a phantom.

Vanquished Creatures
  A phantom (D:4)
  A jelly (D:4)
  3 gnolls (D:2)
  5 adders
  A dart slug (D:2)
  2 ball pythons
  5 endoplasms
  3 giant cockroaches
  9 hobgoblins
  11 jackals
  3 quokkas
  5 bats
  9 frilled lizards
  3 goblins (D:1)
  10 kobolds
  5 rats
76 creatures vanquished.

Vanquished Creatures (others)
  3 plants (D:1)
3 creatures vanquished.

Grand Total: 79 creatures vanquished

Notes
Turn   | Place    | Note
-------+----------+-------------------------------------------
     0 | D:1      | zeram the Octopode Brigand began the quest for the Orb.
     0 | D:1      | Reached XP level 1. HP: 14/14 MP: 1/1
    34 | D:1      | Reached XP level 2. HP: 1/19 MP: 2/2
   354 | D:1      | Reached skill level 6 in Stealth
   989 | D:1      | Reached XP level 3. HP: 17/24 MP: 3/3
  1001 | D:1      | Identified a scroll of acquirement
  1001 | D:1      | Acquired a manual of Stealth
  1180 | D:1      | Found a faded altar of an unknown god.
  1302 | D:1      | Reached skill level 7 in Stealth
  1757 | D:2      | Reached XP level 4. HP: 29/29 MP: 4/4
  1783 | D:2      | Reached skill level 8 in Stealth
  2092 | D:2      | Reached XP level 5. HP: 34/34 MP: 5/5
  2787 | D:4      | Reached skill level 9 in Stealth
  3079 | D:4      | Noticed a phantom
  3100 | D:4      | HP: 1/34 [phantom (3)]
  3103 | D:4      | Killed a phantom
  3104 | D:4      | Reached skill level 10 in Stealth
  3104 | D:4      | Reached XP level 6. HP: 2/39 MP: 6/6
  3520 | D:3      | Slain by a phantom

Illustrated notes

Levels and vault maps discovered:
D:1:      minmay_arrival_pointy, layout_basic, chequers_ecumenical_altar_simple,
          lexackson_kobold_supper
D:2:      layout_rooms, glass_columns_c
D:3:      layout_rooms
D:4:      corexii_shack_village, layout_cave_pools

Skill      XL: |  1  2  3  4  5 |
---------------+----------------+-----
Stealth        | 6 7 8 10 | 10.3
Short Blades   | 3 |  3.6
Fighting       | |  2.0
Throwing       | |  2.0
Dodging        | |  1.9

Action                   |  1- 3 |  4- 6 || total
-------------------------+-------+-------++-------
Melee: Dagger            |    87 |    98 ||   185
       Constrict         |    16 |    12 ||    28
       Tentacles         |    12 |    15 ||    27
  Use: Scroll            |     3 |     1 ||     4
       Potion            |       |     3 ||     3
 Stab: Sleeping          |    16 |    15 ||    31
Armor: Skin              |     6 |     4 ||    10
Dodge: Dodged            |    30 |    49 ||    79
